| TOP OF THE 1ST |
|
Trois-Riveres Aigles batting - Pitching for Columbus Reds : LHP Keiji Shimomura
|
|
Pitching: LHP Keiji Shimomura
|
|
|
Batting: LHB Edgar Quinto
|
0-0: Ball 1-0: Foul Ball, location: 2F 1-1: Ball 2-1: Ground out 6-3 (Groundball, 6, EV 110.0 MPH)
|
|
Batting: RHB George Connell
|
0-0: Ground out 6-3 (Groundball, 6, EV 106.2 MPH)
|
|
Batting: SHB Derek Weaver
|
0-0: Called Strike 0-1: Foul Ball, location: 2F 0-2: Strikes out swinging
|
| Top of the 1st over - 0 runs, 0 hits, 0 errors, 0 left on base; Trois-Riveres 0 - Columbus 0 |
| BOTTOM OF THE 1ST |
|
Columbus Reds batting - Pitching for Trois-Riveres Aigles : RHP Jose Hinojosa
|
|
Pitching: RHP Jose Hinojosa
|
|
|
Batting: RHB Aaron Barraza
|
0-0: Ball 1-0: Ball 2-0: Ball 3-0: Called Strike 3-1: Swinging Strike 3-2: Base on Balls
|
|
Batting: SHB Eddie Crawford
|
0-0: Called Strike 0-1: Foul Ball, location: 2F 0-2: Ball 1-2: Fly out, F7 (Flyball, 7S, EV 91.2 MPH)
|
|
Batting: LHB Gabe Morales
|
0-0: Called Strike 0-1: Foul Ball, location: 2F 0-2: Strikes out looking
|
|
Batting: RHB Matt Carman
|
0-0: Ball 1-0: Fielders Choice at 2nd, 5-4 (Groundball, 56, EV 86.9 MPH)
|
| Bottom of the 1st over - 0 runs, 0 hits, 0 errors, 1 left on base; Trois-Riveres 0 - Columbus 0 |
| TOP OF THE 2ND |
|
Trois-Riveres Aigles batting - Pitching for Columbus Reds : LHP Keiji Shimomura
|
|
Batting: RHB Alistair Holmes
|
0-0: Ground out 6-3 (Groundball, 6, EV 87.5 MPH)
|
|
Batting: RHB John Garland
|
0-0: Ball 1-0: Called Strike 1-1: Fly out, F8 (Flyball, 8RM, EV 83.8 MPH)
|
|
Batting: RHB Danny Mota
|
0-0: Ball 1-0: Called Strike 1-1: Called Strike 1-2: Ball 2-2: Ball 3-2: Base on Balls
|
|
Batting: RHB Chris Davis
|
0-0: Ball 1-0: Ball 2-0: Called Strike 2-1: Called Strike 2-2: Strikes out swinging
|
| Top of the 2nd over - 0 runs, 0 hits, 0 errors, 1 left on base; Trois-Riveres 0 - Columbus 0 |
| BOTTOM OF THE 2ND |
|
Columbus Reds batting - Pitching for Trois-Riveres Aigles : RHP Jose Hinojosa
|
|
Batting: SHB Colin Black
|
0-0: Called Strike 0-1: Ball 1-1: Ball 2-1: Called Strike 2-2: Fly out, F8 (Flyball, 78M, EV 91.9 MPH)
|
|
Batting: LHB Mat Bencivengo
|
0-0: Ball 1-0: Ground out U3 (Groundball, 3, EV 84.4 MPH)
|
|
Batting: RHB Alex Ruybalid
|
0-0: Fly out, F8 (Line Drive, 8RD, EV 85.6 MPH)
|
| Bottom of the 2nd over - 0 runs, 0 hits, 0 errors, 0 left on base; Trois-Riveres 0 - Columbus 0 |
| TOP OF THE 3RD |
|
Trois-Riveres Aigles batting - Pitching for Columbus Reds : LHP Keiji Shimomura
|
|
Batting: SHB Aaron Ruscigno
|
0-0: Ball 1-0: Called Strike 1-1: Ball 2-1: Foul Ball, location: 2F 2-2: Foul Ball, location: 2F 2-2: Strikes out swinging
|
|
Batting: SHB Paul Dupuis
|
0-0: Called Strike 0-1: Foul Ball, location: 2F 0-2: Ball 1-2: Foul Ball, location: 2F 1-2: Strikes out swinging
|
|
Batting: LHB Edgar Quinto
|
0-0: Fly out, F8 (Flyball, 8LM, EV 86.2 MPH)
|
| Top of the 3rd over - 0 runs, 0 hits, 0 errors, 0 left on base; Trois-Riveres 0 - Columbus 0 |
| BOTTOM OF THE 3RD |
|
Columbus Reds batting - Pitching for Trois-Riveres Aigles : RHP Jose Hinojosa
|
|
Batting: RHB Nick Partain
|
0-0: Ball 1-0: Called Strike 1-1: Fly out, F7 (Flyball, 7LSF, EV 84.4 MPH)
|
|
Batting: RHB Cornholdo Schwerin
|
0-0: Called Strike 0-1: Ball 1-1: Ball 2-1: Called Strike 2-2: Ball 3-2: DOUBLE (Groundball, 3L, EV 105.0 MPH)
|
|
Batting: RHB Aaron Barraza
|
0-0: SINGLE (Line Drive, 5D, EV 105.0 MPH) Cornholdo Schwerin to third
|
|
Batting: SHB Eddie Crawford
|
0-0: Foul Ball, location: 2F 0-1: Ball 1-1: Foul Ball, location: 2F 1-2: Ball 2-2: Reached on error, E6 (Groundball, 56, EV 107.5 MPH) Cornholdo Schwerin scores Aaron Barraza to second
|
|
Batting: LHB Gabe Morales
|
0-0: Foul Ball, location: 2F 0-1: Ball 1-1: Foul Ball, location: 2F 1-2: Ball 2-2: Strikes out swinging
|
|
Batting: RHB Matt Carman
|
0-0: Ball 1-0: Called Strike 1-1: Ball 2-1: Ball 3-1: Base on Balls Aaron Barraza to third Eddie Crawford to second
|
|
Batting: SHB Colin Black
|
0-0: Ball 1-0: Called Strike 1-1: Foul Ball, location: 2F 1-2: Strikes out looking
|
| Bottom of the 3rd over - 1 run, 2 hits, 1 error, 3 left on base; Trois-Riveres 0 - Columbus 1 |
| TOP OF THE 4TH |
|
Trois-Riveres Aigles batting - Pitching for Columbus Reds : LHP Keiji Shimomura
|
|
Batting: RHB George Connell
|
0-0: Called Strike 0-1: Swinging Strike 0-2: Strikes out swinging
|
|
Batting: SHB Derek Weaver
|
0-0: Ball 1-0: Called Strike 1-1: Ball 2-1: Foul Ball, location: 2F 2-2: Strikes out looking
|
|
Batting: RHB Alistair Holmes
|
0-0: Ball 1-0: Ball 2-0: Foul Ball, location: 2F 2-1: Called Strike 2-2: Strikes out swinging
|
| Top of the 4th over - 0 runs, 0 hits, 0 errors, 0 left on base; Trois-Riveres 0 - Columbus 1 |
| BOTTOM OF THE 4TH |
|
Columbus Reds batting - Pitching for Trois-Riveres Aigles : RHP Jose Hinojosa
|
|
Batting: LHB Mat Bencivengo
|
0-0: Called Strike 0-1: Fly out, F7 (Line Drive, 7, EV 95.6 MPH)
|
|
Batting: RHB Alex Ruybalid
|
0-0: Swinging Strike 0-1: Ball 1-1: Foul Ball, location: 2F 1-2: Strikes out swinging
|
|
Batting: RHB Nick Partain
|
0-0: Ball 1-0: Swinging Strike 1-1: Bunted foul 1-2: Fly out, F7 (Flyball, 7, EV 95.0 MPH)
|
| Bottom of the 4th over - 0 runs, 0 hits, 0 errors, 0 left on base; Trois-Riveres 0 - Columbus 1 |
| TOP OF THE 5TH |
|
Trois-Riveres Aigles batting - Pitching for Columbus Reds : LHP Keiji Shimomura
|
|
Batting: RHB John Garland
|
0-0: Ball 1-0: Swinging Strike 1-1: Foul Ball, location: 2F 1-2: Foul Ball, location: 2F 1-2: Strikes out swinging
|
|
Batting: RHB Danny Mota
|
0-0: Called Strike 0-1: Foul Ball, location: 2F 0-2: Strikes out looking
|
|
Batting: RHB Chris Davis
|
0-0: Called Strike 0-1: Ball 1-1: Called Strike 1-2: Strikes out looking
|
| Top of the 5th over - 0 runs, 0 hits, 0 errors, 0 left on base; Trois-Riveres 0 - Columbus 1 |
| BOTTOM OF THE 5TH |
|
Columbus Reds batting - Pitching for Trois-Riveres Aigles : RHP Jose Hinojosa
|
|
Batting: RHB Cornholdo Schwerin
|
0-0: Ball 1-0: Fly out, F8 (Flyball, 78M, EV 98.8 MPH)
|
|
Batting: RHB Aaron Barraza
|
0-0: Ball 1-0: Called Strike 1-1: Swinging Strike 1-2: Ball 2-2: Ball 3-2: Foul Ball, location: 2F 3-2: Ground out 6-3 (Groundball, 6, EV 97.5 MPH)
|
|
Batting: SHB Eddie Crawford
|
0-0: Called Strike 0-1: Fly out, F8 (Flyball, 8LD, EV 103.8 MPH)
|
| Bottom of the 5th over - 0 runs, 0 hits, 0 errors, 0 left on base; Trois-Riveres 0 - Columbus 1 |
| TOP OF THE 6TH |
|
Trois-Riveres Aigles batting - Pitching for Columbus Reds : LHP Keiji Shimomura
|
|
Batting: SHB Aaron Ruscigno
|
0-0: Ball 1-0: SINGLE (Line Drive, 6D, EV 103.8 MPH)
|
|
Batting: SHB Paul Dupuis
|
0-0: Called Strike 0-1: Called Strike Aaron Ruscigno steals 2nd base 0-2: Fly out, F7 (Flyball, 78M, EV 93.1 MPH)
|
|
Batting: LHB Edgar Quinto
|
0-0: DOUBLE (Line Drive, 89D, EV 107.5 MPH) Aaron Ruscigno scores
|
|
Batting: RHB George Connell
|
0-0: Ball 1-0: Ball 2-0: Swinging Strike 2-1: Called Strike 2-2: Strikes out swinging
|
|
Batting: SHB Derek Weaver
|
0-0: Called Strike 0-1: Ball 1-1: Foul Ball, location: 2F 1-2: Ball 2-2: Strikes out looking
|
| Top of the 6th over - 1 run, 2 hits, 0 errors, 1 left on base; Trois-Riveres 1 - Columbus 1 |
| BOTTOM OF THE 6TH |
|
Columbus Reds batting - Pitching for Trois-Riveres Aigles : RHP Jose Hinojosa
|
|
Batting: LHB Gabe Morales
|
0-0: Ball 1-0: Called Strike 1-1: SINGLE (Line Drive, 7S, EV 109.4 MPH)
|
|
Batting: RHB Matt Carman
|
0-0: Called Strike 0-1: Ball 1-1: Ball 2-1: Called Strike 2-2: Foul Ball, location: 2F 2-2: Ball 3-2: Base on Balls Gabe Morales to second
|
|
Batting: SHB Colin Black
|
0-0: Swinging Strike 0-1: Foul Ball, location: 2F 0-2: Strikes out looking
|
|
Batting: LHB Mat Bencivengo
|
0-0: Ball 1-0: Fly out, F9 (Flyball, 89M, EV 82.5 MPH)
|
|
Batting: RHB Alex Ruybalid
|
0-0: Called Strike 0-1: Foul Ball, location: 2F 0-2: Ball 1-2: Strikes out swinging
|
| Bottom of the 6th over - 0 runs, 1 hit, 0 errors, 2 left on base; Trois-Riveres 1 - Columbus 1 |
| TOP OF THE 7TH |
|
Trois-Riveres Aigles batting - Pitching for Columbus Reds : LHP Keiji Shimomura
|
|
Batting: RHB Alistair Holmes
|
0-0: Ground out 4-3 (Groundball, 4, EV 83.1 MPH)
|
|
Batting: RHB John Garland
|
0-0: Called Strike 0-1: Called Strike 0-2: Fly out, F7 (Flyball, 7D, EV 78.8 MPH)
|
|
Batting: RHB Danny Mota
|
0-0: Called Strike 0-1: Foul Ball, location: 2F 0-2: Ball 1-2: Ball 2-2: Ball 3-2: Ground out 5-3 (Groundball, 5, EV 88.1 MPH)
|
| Top of the 7th over - 0 runs, 0 hits, 0 errors, 0 left on base; Trois-Riveres 1 - Columbus 1 |
| BOTTOM OF THE 7TH |
|
Columbus Reds batting - Pitching for Trois-Riveres Aigles : RHP Jose Hinojosa
|
|
Pinch Hitting: LHB Jamel Wilhite
|
0-0: Ball 1-0: Ball 2-0: Foul Ball, location: 2F 2-1: SINGLE (Groundball, 6MD, EV 94.4 MPH)
|
|
Batting: RHB Cornholdo Schwerin
|
0-0: SINGLE (Line Drive, 34D, EV 95.6 MPH) Jamel Wilhite to second
|
|
Batting: RHB Aaron Barraza
|
0-0: Called Strike 0-1: SINGLE (Groundball, 56S, EV 70.0 MPH) (infield hit) Jamel Wilhite to third Cornholdo Schwerin to second
|
|
Batting: SHB Eddie Crawford
|
0-0: Ball 1-0: Ball 2-0: Ball 3-0: Called Strike 3-1: Swinging Strike 3-2: Grounds into fielders choice 4-2 (Groundball, 4, EV 100.6 MPH) Cornholdo Schwerin to third Aaron Barraza to second
|
|
Batting: LHB Gabe Morales
|
0-0: Called Strike 0-1: Ball 1-1: Swinging Strike 1-2: Foul Ball, location: 2F 1-2: Fly out, F8 (Flyball, 89D, EV 98.8 MPH) Runner from 3rd tags up, SCORES, throw by CF Aaron Barraza to third
|
|
Pitching: RHP Pete Vernon
|
|
|
Pinch Hitting: SHB Bill Dissette
|
0-0: Ball 1-0: DOUBLE (Line Drive, 9LS, EV 108.8 MPH) Aaron Barraza scores Eddie Crawford to third Runner from 3rd tries for Home, SAFE, throw by RF to home
|
|
Batting: SHB Colin Black
|
0-0: Swinging Strike 0-1: Foul Ball, location: 2F 0-2: Foul Ball, location: 2F 0-2: Strikes out swinging
|
| Bottom of the 7th over - 3 runs, 4 hits, 0 errors, 1 left on base; Trois-Riveres 1 - Columbus 4 |
| TOP OF THE 8TH |
|
Trois-Riveres Aigles batting - Pitching for Columbus Reds : LHP Keiji Shimomura
|
|
Now at 2B: Bill Dissette
|
|
|
Now at SS: Tony Camacho
|
|
|
Batting: RHB Chris Davis
|
0-0: Foul Ball, location: 2F 0-1: Swinging Strike 0-2: Foul Ball, location: 2F 0-2: Ball 1-2: Ball 2-2: Foul Ball, location: 2F 2-2: Strikes out swinging
|
|
Pitching: RHP Alfonso Rosales
|
|
|
Batting: SHB Aaron Ruscigno
|
0-0: Called Strike 0-1: Ground out 6-3 (Groundball, 6, EV 106.9 MPH)
|
|
Batting: SHB Paul Dupuis
|
0-0: Swinging Strike 0-1: Ball 1-1: Ground out U3 (Groundball, 34, EV 92.5 MPH)
|
| Top of the 8th over - 0 runs, 0 hits, 0 errors, 0 left on base; Trois-Riveres 1 - Columbus 4 |
| BOTTOM OF THE 8TH |
|
Columbus Reds batting - Pitching for Trois-Riveres Aigles : RHP Pete Vernon
|
|
Batting: LHB Mat Bencivengo
|
0-0: Ball 1-0: Ball 2-0: Called Strike 2-1: Foul Ball, location: 2F 2-2: Fly out, F7 (Flyball, 7D, EV 85.0 MPH)
|
|
Batting: RHB Alex Ruybalid
|
0-0: Called Strike 0-1: Foul Ball, location: 2F 0-2: Ball 1-2: Foul Ball, location: 2F 1-2: Fly out, F4 (Line Drive, 34D, EV 63.1 MPH)
|
|
Batting: RHB Tony Camacho
|
0-0: Ground out 6-3 (Groundball, 6M, EV 84.4 MPH)
|
| Bottom of the 8th over - 0 runs, 0 hits, 0 errors, 0 left on base; Trois-Riveres 1 - Columbus 4 |
| TOP OF THE 9TH |
|
Trois-Riveres Aigles batting - Pitching for Columbus Reds : RHP Alfonso Rosales
|
|
Pitching: RHP Jaiden Triplett
|
|
|
Pinch Hitting: SHB Josif Popovski
|
0-0: Swinging Strike 0-1: Ball 1-1: Called Strike 1-2: Ground out U3 (Groundball, 3, EV 80.6 MPH)
|
|
Batting: RHB Christopher Arnett
|
0-0: Ball 1-0: Ball 2-0: Swinging Strike 2-1: Foul Ball, location: 2F 2-2: Strikes out looking
|
|
Batting: SHB Derek Weaver
|
0-0: Ball 1-0: Swinging Strike 1-1: Ball 2-1: Swinging Strike 2-2: Ball 3-2: Foul Ball, location: 2F 3-2: Strikes out swinging
|
| Top of the 9th over - 0 runs, 0 hits, 0 errors, 0 left on base; Trois-Riveres 1 - Columbus 4 |
|